 Dungeon Crawl Stone Soup version 0.31.0-1-g2c135a008e (webtiles) character file.

Game seed: 16945405984851781092

151 qw the Shooter (level 5, 0/40 HPs)
             Began as a Djinni Hunter on Jan 23, 2024.
             Slain by a jackal (1 damage)
             ... on level 3 of the Dungeon.
             The game lasted 00:00:05 (1542 turns).

qw the Shooter (Djinni Hunter)                      Turns: 1542, Time: 00:00:05

Health: 0/40       AC:  5    Str: 16    XL:     5   Next: 59%
Gold:   120        EV: 12    Int: 11    God:
                   SH:  0    Dex: 18

rFire   + + .        c - +2 hand cannon (drain)
rCold   x . .        (no shield)
rNeg    . . .        d - +0 ring mail
rPois   inf          (no helmet)
rElec   .            (no cloak)
rCorr   .            (no gloves)
SInv    .            (boots unavailable)
Will    .....        (no amulet)
Stlth   +            b - +6 ring of strength
HPRegen 0.26/turn    (no ring)
MPRegen 0.00/turn

%: infuse magic (-1 HP)
@: flying
A: sickness immunity, fire resistance 2, cold vulnerability 1, float, innate
caster, HP casting, extra vitality 1
a: no special abilities


You were on level 3 of the Dungeon.
You visited 1 branch of the dungeon, and saw 3 of its levels.

You collected 120 gold pieces.


Innate Abilities, Weirdness & Mutations

You are immune to sickness and miasma.
You are immune to poison.
Your flesh is very heat resistant. (rF++)
You are vulnerable to cold. (rC-)
You float through the air rather than walking.
You learn spells naturally, not from books.
Your magical power is your life essence.
You have superior vitality. (+4 MHP)


   Skills:
 - Level 3.0 Fighting
 + Level 4.5 Ranged Weapons
 - Level 1.0 Armour
 - Level 3.1 Dodging
 - Level 0.7 Stealth


You knew the following spells:

 Your Spells              Type           Power      Damage    Failure   Level
a - Apportation           Tloc           0%         N/A       56%         1
b - Mercury Vapours       Alch/Air       0%         N/A       71%         2
Your spell library was empty.

Inventory:

Hand Weapons
 c - a +2 hand cannon of draining (weapon)
Armour
 d - a +0 ring mail (worn)
Jewellery
 b - a +6 ring of strength (left hand)
Wands
 h - a wand of polymorph (15)
Potions
 f - a potion of haste

Dungeon Overview and Level Annotations

Branches:
Dungeon (3/15)

Altars:


Message History

The jackal closely misses you. Something hits you.
The frilled lizard barely misses you.
You shoot a bolt.
The bolt closely misses the frilled lizard.
The bat misses you. The bat barely misses you. The jackal closely misses you.
The jackal bites you but does no damage.
Something hits you. The frilled lizard bites you.
The bat hits you but does no damage.
You shoot a bolt. The bolt hits the frilled lizard!
You kill the frilled lizard!
The bat hits you but does no damage.
The jackal bites you but does no damage.
Something hits you but does no damage. The bat misses you.
The jackal closely misses you. The bat barely misses you.
The orc priest hits you with a +0 club. Something hits you.
The jackal bites you.
You shoot a bolt. The bolt hits the orc priest.
You drain the orc priest.
The orc priest is heavily wounded.
The bat barely misses you. x2; The jackal completely misses you.
Something hits you but does no damage. The orc priest hits you with a +0 club.
The bat hits you but does no damage. The jackal barely misses you.
Something hits you.
The orc priest hits you but does no damage.
You shoot a bolt. The bolt closely misses the orc priest.
The bat barely misses you. The jackal closely misses you.
The jackal barely misses you. The bat closely misses you. Something hits you.
The orc priest calls down the wrath of Beogh upon you.
You struggle to resist.
The jackal bites you but does no damage.
Something hits you but does no damage. The orc priest hits you with a +0 club.
You shoot a bolt. The bolt hits the orc priest!
You kill the orc priest!
The bat closely misses you.
The jackal bites you but does no damage.
Something hits you but does no damage. The jackal barely misses you.
The bat closely misses you.
You shoot a bolt. The bolt hits the orc!
You kill the orc!
The bat hits you but does no damage. x2; The jackal bites you.
You die...

#.........#.##%..##
#.......##.###..#
##.....###.# #..#
##..>## #.# #..#
##'## #.###.<# #.#
#.)....#
##.#########.##
#.........##.#
#b@.#####.##.#
#.{h0.# #.# ##...##
#.# ..... #.#
##..##. ..# #..# ##
#... ##.#


You could see a jackal and a bat.

Vanquished Creatures
  A bombardier beetle (D:3)
  An orc priest (D:3)
  An orc wizard (D:3)
  An adder (D:3)
  An orc (D:3)
  4 bats (D:1)
  8 endoplasms
  4 giant cockroaches
  A goblin (D:1)
  4 hobgoblins
  5 jackals
  2 quokkas
  4 ball pythons (D:1)
  7 frilled lizards
  6 kobolds
  5 rats
55 creatures vanquished.

Notes
Turn   | Place    | Note
-------+----------+-------------------------------------------
     0 | D:1      | qw the Djinni Hunter began the quest for the Orb.
     0 | D:1      | Reached XP level 1. HP: 18/18 MP: 0/0
     0 | D:1      | 0 ||| qw: Version: 0.3-a-135-gb77e89d
     0 | D:1      | 0 ||| qw: Game counter: 886
     0 | D:1      | 0 ||| qw: Melee chars always use a shield: true
     0 | D:1      | 0 ||| qw: God list: Okawaru
     0 | D:1      | 0 ||| qw: Allow faded altars: false
     0 | D:1      | 0 ||| qw: Do Orc after clearing Dungeon:15 true
     0 | D:1      | 0 ||| qw: Do second Lair branch before Depths: true
     0 | D:1      | 0 ||| qw: Lair rune preference: random
     0 | D:1      | 0 ||| qw: Goals: Normal
     0 | D:1      | 0 ||| PLANNING D:1-11
    41 | D:1      | 41 ||| DROPPING scroll of butterflies.
    52 | D:1      | Reached XP level 2. HP: 16/23 MP: 0/0
   268 | D:1      | Reached XP level 3. HP: 28/28 MP: 0/0
   268 | D:1      | Learned a level 1 spell: Apportation
   286 | D:1      | Reached skill level 4 in Ranged Weapons
   806 | D:1      | 806 ||| UPGRADING to +0 ring mail.
   816 | D:1      | 816 ||| DROPPING +0 leather armour.
   817 | D:1      | 817 ||| UPGRADING to +6 ring of strength.
   818 | D:1      | 818 ||| READING 3 scrolls labelled URAYGIE KIRYT.
   819 | D:1      | 819 ||| READING scroll labelled XEITHUO LURAX.
   819 | D:1      | 819 ||| IDENTIFYING scroll labelled RAIMPY LIUKIYW
   819 | D:1      | Identified a scroll of acquirement
   820 | D:1      | 820 ||| READING scroll of acquirement.
   820 | D:1      | 820 ||| ACQUIRING +2 hand cannon of draining
   820 | D:1      | Acquired a +2 hand cannon of draining
   822 | D:1      | 822 ||| SWAPPING to +2 hand cannon of draining.
   823 | D:1      | 823 ||| DROPPING +0 shortbow.
   824 | D:1      | 824 ||| DROPPING 2 scrolls of amnesia.
  1173 | D:2      | Reached XP level 4. HP: 34/34 MP: 0/0
  1453 | D:2      | 1453 ||| READING scroll of identify.
  1453 | D:2      | 1453 ||| IDENTIFYING ruby potion
  1454 | D:2      | 1454 ||| READING scroll labelled YPNELOAWIC.
  1455 | D:2      | 1455 ||| READING scroll labelled SIUKLU VADGHYF.
  1486 | D:3      | Reached skill level 1 in Armour
  1503 | D:3      | Reached skill level 3 in Fighting
  1522 | D:3      | Reached skill level 3 in Dodging
  1522 | D:3      | Reached XP level 5. HP: 40/40 MP: 0/0
  1522 | D:3      | Learned a level 2 spell: Mercury Vapours
  1539 | D:3      | HP: 7/40 [something (4)]
  1540 | D:3      | HP: 1/40 [orc priest/+0 club (5)]
  1542 | D:3      | Slain by a jackal

Levels and vault maps discovered:
D:1:      amcnicky_arrival_abandoned_market, layout_loops_ring,
          roderic_nine_men_s_morris, minmay_pentomino_z4
D:2:      layout_loops_cross, chequers_serial_rivers_micro_e
D:3:      layout_loops_corners, nicolae_gozag_cash_rules_everything_around_me,
          old_standard_altar, uniq_natasha

Skill      XL: |  1  2  3  4 |
---------------+-------------+-----
Ranged Weapons | 4 |  4.5
Armour         | 1 |  1.0
Fighting       | 3 |  3.0
Dodging        | 3 |  3.1
Stealth        | |  0.7

Action                     |  1- 3 |  4- 6 || total
---------------------------+-------+-------++-------
   Fire: Shortbow          |   106 |       ||   106
         Hand cannon       |     7 |    29 ||    36
    Use: Scroll            |     3 |     3 ||     6
 Armour: Leather armour    |    35 |       ||    35
         Ring mail         |       |    46 ||    46
  Dodge: Dodged            |    50 |    44 ||    94

Table legend:
 A = Non-vault XP
 B = Vault XP
 C = Vault XP percentage of total XP
 D = Non-vault monster count
 E = Vault monster count
 F = Vault count percentage of total count
                 A         B        C        D         E       F
            +---------+---------+-------+---------+---------+-------
      Total |     216 |       3 |   1.4 |      52 |       3 |   5.5
            +---------+---------+-------+---------+---------+-------
        D:1 |      57 |       3 |   5.0 |      35 |       3 |   7.9
        D:2 |      12 |       0 |   0.0 |       7 |       0 |   0.0
        D:3 |     147 |       0 |   0.0 |      10 |       0 |   0.0
            +---------+---------+-------+---------+---------+-------
